 Dungeon Crawl Stone Soup version 0.29.0-13-gc9e81de378 (webtiles) character file.

Game seed: 3956571188389568408

1278 Persephone the Basher (level 8, -8/64 HPs)
             Began as a Minotaur Fighter on Sept 8, 2022.
             Mangled by an orc warrior
             ... wielding a +0 long sword
              (15 damage)
             ... on level 6 of the Dungeon.
             The game lasted 00:05:51 (3478 turns).

Persephone the Basher (Minotaur Fighter)            Turns: 3478, Time: 00:05:51

Health: -8/64      AC:  9    Str: 17 (20) XL:     8   Next: 29%
Magic:  7/7        EV:  7    Int:  3 (5)  God:
Gold:   257        SH:  8    Dex: 12 (13) Spells: 7/7 levels left

rFire   . . .      SeeInvis .   x - +0 morningstar (protect)
rCold   . . .      Faith    .   j - +0 kite shield
rNeg    + . .      Spirit   .   b - +0 scale mail
rPois   .          Reflect  .   (helmet restricted)
rElec   .          Harm     .   (no cloak)
rCorr   .          Rampage  .   s - +1 pair of gloves
Will    .....                   (no boots)
Stlth   ..........              f - amulet of regeneration
HPRegen 1.00/turn               m - +4 ring of slaying
MPRegen 0.10/turn               p - ring of positive energy

@: mighty
A: horns 2, retaliatory headbutt
a: no special abilities


You were on level 6 of the Dungeon.
You visited 1 branch of the dungeon, and saw 6 of its levels.

You collected 257 gold pieces.

Inventory:

Hand Weapons
 x - a +0 morningstar of protection (weapon)
Armour
 b - a +0 scale mail (worn)
 j - a +0 kite shield (worn)
 s - a +1 pair of gloves (worn)
Jewellery
 f - an amulet of regeneration (around neck)
 m - a +4 ring of slaying (left hand)
 p - a ring of positive energy (right hand)
Wands
 u - a wand of mindburst (13)
 w - a wand of paralysis (6)
Scrolls
 e - 2 scrolls of identify {unknown}
 k - 3 scrolls of teleportation {unknown}
 l - a scroll of enchant weapon {unknown}
 q - a scroll of blinking {unknown}
 v - a scroll of magic mapping {unknown}
 y - a scroll of enchant armour {unknown}
Potions
 a - a potion of cancellation {unknown}
 c - a potion of mutation {unknown}
 g - 2 potions of degeneration
 h - a potion of magic {unknown}
 n - 2 potions of brilliance {unknown}
 o - a potion of haste {unknown}
 r - 2 potions of flight {unknown}
 t - 2 potions of attraction {unknown}


   Skills:
 - Level 3.6 Fighting
 + Level 12.1 Maces & Flails
 - Level 3.6 Armour
 - Level 3.6 Shields


You had 7 spell levels left.
You didn't know any spells.
Your spell library was empty.

Dungeon Overview and Level Annotations

Branches:
Dungeon (6/15)
 Temple: D:4-7

Altars:
Xom

Shops:
D:3 (

Annotations:
D:5 2 transporters


Innate Abilities, Weirdness & Mutations

You have a pair of horns on your head.
You reflexively headbutt those who attack you in melee.


Message History

The orc priest invokes the aid of Beogh against you.
Beogh smites you!
You feel very mighty all of a sudden.
The orc warrior hits you but does no damage.
You hit the orc warrior. Your headbutt misses the orc warrior.
The orc warrior is moderately wounded.
You block the orc warrior's attack.
You puncture the orc warrior!
The orc warrior is severely wounded.
The orc priest invokes the aid of Beogh against you.
Beogh smites you! The orc warrior closely misses you.
You closely miss the orc warrior.
The orc warrior is severely wounded.
The orc priest mumbles some strange prayers to Beogh against you.
Beogh smites you!
* * * LOW HITPOINT WARNING * * *
The orc warrior barely misses you. You furiously retaliate!
You headbutt the orc warrior.
It was a potion of degeneration.
There was something very wrong with that liquid.
You feel weakened.
You feel dopey.
You feel clumsy. The orc warrior barely misses you.
It was a potion of curing.
You feel better. You block the orc warrior's attack.
You feel better.
The orc priest calls down the wrath of Beogh upon you.
Beogh smites you!
The orc warrior hits you with a +0 long sword!
* * * LOW HITPOINT WARNING * * *
You feel better.
The orc warrior hits you with a +0 long sword.
* * * LOW HITPOINT WARNING * * *
The orc priest invokes the aid of Beogh against you.
Beogh smites you!
* * * LOW HITPOINT WARNING * * *
You closely miss the orc warrior.
The orc warrior is almost dead.
The orc priest calls upon Beogh to heal the orc warrior.
The orc warrior is healed somewhat.
The orc warrior hits you with a +0 long sword!
You die...

### ### #.. ..# ### #.#
#.# g. #.# #.# ######.
###.### #.#
......g####.....###.######
#..gooo@.#..#...........
#.##o####.#.......######
... ####.....## .....
##...## ##>### ##.## #.
#.# # #.# ##'## ##...##


You could see an orc warrior, 2 orc priests, 2 gnolls and an orc.

Vanquished Creatures
  Grinder (D:5)
  A black bear (D:6)
  2 ogres (D:5)
  A phantom (D:5)
  3 necrophages
  2 scorpions (D:5)
  A howler monkey (D:5)
  2 hounds (D:5)
  3 jellies
  An orc priest (D:6)
  A gnoll (D:6)
  5 adders
  A shadow imp (D:5)
  4 worms
  4 dart slugs
  13 orcs
  8 endoplasms
  2 giant cockroaches
  4 goblins
  5 hobgoblins
  3 iguanas
  8 jackals
  4 kobolds
  A quokka (D:5)
  6 ball pythons
  2 bats
  5 frilled lizards
  6 rats
99 creatures vanquished.

Notes
Turn   | Place    | Note
-------+----------+-------------------------------------------
     0 | D:1      | Persephone the Minotaur Fighter began the quest for the
                  | Orb.
     0 | D:1      | Reached XP level 1. HP: 19/19 MP: 0/0
    82 | D:1      | Reached skill level 3 in Maces & Flails
   216 | D:1      | Reached XP level 2. HP: 26/26 MP: 1/1
   712 | D:1      | Found a faded altar of an unknown god.
   719 | D:1      | Reached skill level 4 in Maces & Flails
   836 | D:2      | Reached XP level 3. HP: 31/31 MP: 2/2
  1089 | D:2      | Reached skill level 5 in Maces & Flails
  1493 | D:3      | Reached XP level 4. HP: 32/39 MP: 3/3
  1743 | D:3      | Found a shimmering altar of Xom.
  1884 | D:3      | Reached skill level 6 in Maces & Flails
  1905 | D:3      | Found Ratsas's Antique Weapon Boutique.
  1994 | D:3      | Reached XP level 5. HP: 42/45 MP: 4/4
  2498 | D:5      | Entered Level 5 of the Dungeon
  2500 | D:5      | Noticed an ogre
  2518 | D:4      | Reached skill level 7 in Maces & Flails
  2544 | D:5      | Killed an ogre
  2545 | D:5      | Reached skill level 8 in Maces & Flails
  2545 | D:5      | Reached XP level 6. HP: 32/51 MP: 5/5
  2664 | D:5      | Reached skill level 9 in Maces & Flails
  2668 | D:5      | Reached XP level 7. HP: 57/57 MP: 6/6
  2738 | D:5      | Noticed Grinder
  2742 | D:5      | Reached skill level 10 in Maces & Flails
  2748 | D:5      | Paralysed by Grinder for 2 turns
  2761 | D:5      | Killed Grinder
  2837 | D:5      | Reached skill level 11 in Maces & Flails
  2897 | D:5      | Reached XP level 8. HP: 64/64 MP: 7/7
  2936 | D:5      | Found a transporter.
  3262 | D:5      | Found a transporter.
  3433 | D:6      | Reached skill level 12 in Maces & Flails
  3478 | D:6      | Mangled by an orc warrior

Illustrated notes

Levels and vault maps discovered:
D:1:      pf_arrival_petrified_forest, layout_loops_cross,
          chequers_ecumenical_altar_grove, patterned_corridor
D:2:      layout_loops_ring, nicolae_wormholes
D:3:      layout_loops_ring, dk_xom_monty_hall, serial_shops,
          nicolae_shop_waterfront
D:4:      layout_rooms
D:5:      gammafunk_cloud_chamber, layout_loops_corners,
          ebering_dispersal_statue_hall, amcnicky_mini_pool_medium, uniq_grinder
D:6:      layout_loops_corners, minmay_temple_entry_butterflies,
          minmay_hollow_rounded_squares, uniq_pikel

Skill      XL: |  1  2  3  4  5  6  7  8 |
---------------+-------------------------+-----
Maces & Flails | 3 4 5 6 8 9 11 12 | 12.1
Fighting       | |  3.6
Armour         | |  3.6
Shields        | |  3.6

Action                   |  1- 3 |  4- 6 |  7- 9 || total
-------------------------+-------+-------+-------++-------
Melee: Flail             |    95 |    70 |       ||   165
       Headbutt          |    13 |    11 |     9 ||    33
       Morningstar       |       |    22 |    54 ||    76
  Use: Potion            |       |       |     5 ||     5
Armor: Scale mail        |    35 |    39 |    23 ||    97
Dodge: Dodged            |    17 |    28 |    13 ||    58
Block: Buckler           |     2 |       |       ||     2
       Kite shield       |    26 |    44 |    21 ||    91
